 Dungeon Crawl Stone Soup version 0.29.0-4-gdea44cf6ec (webtiles) character file.

Game seed: 8217803788039047716

26542 qw the Brawler (level 12, -19/119 HPs)
             Began as a Troll Cinder Acolyte on Aug 30, 2022.
             Was an Initiate of Okawaru.
             Demolished by a komodo dragon (29 damage)
             ... on level 4 of the Lair of Beasts.
             The game lasted 00:06:30 (12679 turns).

qw the Brawler (Troll Cinder Acolyte)              Turns: 12679, Time: 00:06:31

Health: -19/119    AC:  8    Str: 29      XL:     12   Next: 99%
Magic:  12/12      EV:  9    Int:  8 (10) God:    Okawaru [......]
Gold:   893        SH:  0    Dex:  4 (5)  Spells: 13/13 levels left

rFire   . . .      SeeInvis .     - Unarmed
rCold   . . .      Faith    .   (no shield)
rNeg    + . .      Spirit   .   m - +3 robe of Clouds {*Thunder rCloud rElec}
rPois   .          Reflect  .   a - +0 hat of Insatiable Hunger {rN+ Regen+ Slay+2}
rElec   +          Harm     .   p - +0 cloak
rCorr   .          Rampage  .   (gloves unavailable)
Will    .....                   (boots unavailable)
Stlth   +.........              f - amulet of the acrobat
HPRegen 1.89/turn               (no ring)
MPRegen 0.13/turn               (no ring)

@: about to teleport, fire susceptible
A: large, unfitting armour, claws 3, regeneration 1, shaggy fur 1, tough skin 1,
noise suppression
a: Renounce Religion


You were on level 4 of the Lair of Beasts.
You worshipped Okawaru.
Okawaru was noncommittal.
You visited 3 branches of the dungeon, and saw 14 of its levels.

You collected 893 gold pieces.


Innate Abilities, Weirdness & Mutations

You are too large for most types of armour.
You have claws for hands.
Your natural rate of healing is unusually fast.
You are covered in fur. (AC +1)
You have tough skin. (AC +1)
You passively dampen the noise of your surroundings.


   Skills:
 + Level 8.0 Fighting
 - Level 4.4 Throwing
 - Level 1.2 Armour
 - Level 2.4 Dodging
 - Level 19.0 Unarmed Combat
 - Level 1.0 Spellcasting
 - Level 2.1 Fire Magic


You had 13 spell levels left.
You didn't know any spells.
Your spell library contained the following spells:

 Spells                   Type           Power      Damage    Failure   Level
 Scorch                   Fire           6%         2d5       24%         2

Inventory:

Missiles
 x - a boomerang (quivered)
Armour
 a - the +0 hat of Insatiable Hunger (worn) {rN+ Regen+ Slay+2}
   (You acquired it on level 5 of the Dungeon)

   Slay:      It affects your accuracy & damage with ranged weapons and melee
   (+2).
   rN:        It protects you from negative energy.
   Regen:     It increases your rate of health regeneration.
 m - the +3 robe of Clouds (worn) {*Thunder rCloud rElec}
   (You found it on level 5 of the Dungeon)

   It occasionally creates storm clouds above nearby enemies.
   It grants its wearer immunity to clouds.
   rElec:     It insulates you from electricity.
 p - a +0 cloak (worn)
Jewellery
 f - an amulet of the acrobat (around neck)
 o - a ring of fire
 q - a ring of ice
Scrolls
 h - a scroll of identify
 k - a scroll of brand weapon
 n - a scroll of teleportation
Potions
 b - 6 potions of curing
 c - a potion of mutation
 d - 4 potions of might
 e - a potion of cancellation
 j - a potion of ambrosia {unknown}
 r - 2 potions of haste
 s - a potion of lignification {unknown}

Dungeon Overview and Level Annotations

Branches:
Dungeon (8/15)             Temple (1/1) D:6            Lair (5/5) D:8
 Shoals (0/4) Lair:2       Spider (0/4) Lair:2
  Slime: Lair:4-5

Altars:
Fedhas
Gozag
Hepliaklqana
Makhleb
Nemelex Xobeh
Okawaru
Sif Muna
Trog
Uskayaw
Vehumet
Wu Jian
Xom
Yredelemnul
Zin

Shops:
D:6 (

Annotations:
Lair:4 1 runed translucent door, qw's ghost, journeyman TeWr


Message History

(N) Spider Nest
Where to? (* - list waypoints, Enter - Lair:5, ? - help)
What level of the Lair of Beasts? (default 1, ? - help)
There is a stone staircase leading down, spattered with blood here.
You climb downwards.
Storm clouds gather above the elephant.
The elephant is struck by lightning.
The elephant barely misses you. x2
The elephant tramples you!
You hold your ground!
The elephant closely misses you. The yak gores you!
The yak gores you but does no damage. The komodo dragon bites you!!
There is a stone staircase leading up, spattered with blood here.
12674 ||| STAIRDANCE Storm clouds gather above the komodo dragon.
Storm clouds gather above the elephant.
The elephant tramples you.
You hold your ground!
The elephant trunk-slaps you but does no damage.
The elephant is struck by lightning.
The elephant barely misses you. The elephant trunk-slaps you.
The yak gores you! The komodo dragon bites you!!
You climb upwards.
Level annotation: 1 runed translucent door, qw's ghost, journeyman TeWr
There is a stone staircase leading down, spattered with blood here.
You scratch the elephant but do no damage.
The elephant is lightly wounded.
The yak gores you but does no damage. The yak gores you!
The elephant tramples you!
You hold your ground!
The elephant trunk-slaps you. The komodo dragon bites you.
The elephant closely misses you. The elephant completely misses you.
12677 ||| READING 2 scrolls of teleportation.
As you read the scroll of teleportation, it crumbles to dust.
You feel strangely unstable. The yak barely misses you.
The yak closely misses you. The elephant misses you.
The elephant trunk-slaps you but does no damage.
The komodo dragon bites you! The elephant barely misses you.
The elephant trunk-slaps you.
You mangle the elephant!! You claw the elephant!
The elephant is heavily wounded.
You mangle the elephant!!
The elephant is almost dead.
Storm clouds gather above the yak.
The yak gores you but does no damage. The komodo dragon bites you!!
You die...

##.#
#...#
##.#
##..##
##.##
#...##
....#
##....#
....#
#.#..P#
...##
###...#
#..#
#..##
#..#
#lY.#
#..##
##@Y##
#...#
#PYY.#
#...#
##...#
#...#
#..##
#..##
#...#
#...#
#...#
#...#
#..P#
...##
#..##
#..##
##..##


You could see 2 elephants, a komodo dragon and 2 yaks.

Vanquished Creatures
  4 hydras
  A boulder beetle (Lair:3)
  An oklob plant (Lair:4)
  2 black mambas (Lair:1)
  6 elephants
  11 cane toads
  7 komodo dragons
  6 rime drakes
  2 trolls (D:6)
  2 polar bears
  2 hornets (D:8)
  16 blink frogs
  6 dream sheep (Lair:3)
  12 yaks
  3 fire elementals (Lair:4)
  Eustachio (D:5)
  4 wyverns
  3 basilisks
  A steam dragon (Lair:1)
  13 water moccasins
  2 black bears
  2 sky beasts
  2 orc warriors
  2 ogres
  3 centaurs
  7 wolves
  A phantom (D:6)
  A kobold brigand (D:7)
  Blork the orc (D:6)
  11 bullfrogs
  A necrophage (D:7)
  3 scorpions
  2 gnoll sergeants
  10 wights (D:8)
  A water moccasin zombie (D:6)
  6 electric eels
  A crimson imp (D:8)
  2 hounds
  3 bullfrog zombies (D:6)
  3 orc priests
  6 iguanas
  2 orc wizards
  A howler monkey zombie (D:6)
  13 gnolls
  3 adders
  A shadow imp (D:8)
  A worm (D:2)
  4 dart slugs
  27 orcs
  6 endoplasms
  4 giant cockroaches
  10 goblins
  4 hobgoblins
  3 quokkas
  11 ball pythons
  2 bats
  6 frilled lizards
  7 kobolds
  9 rats
287 creatures vanquished.

Vanquished Creatures (others)
  9 fungi
  40 plants
49 creatures vanquished.

Grand Total: 336 creatures vanquished

Notes
Turn   | Place    | Note
-------+----------+-------------------------------------------
     0 | D:1      | qw the Troll Cinder Acolyte began the quest for the Orb.
     0 | D:1      | Reached XP level 1. HP: 22/22 MP: 1/1
     0 | D:1      | 0 ||| qw: Version: 0.1-a-95-gae9e614
     0 | D:1      | 0 ||| qw: Game counter: 4403
     0 | D:1      | 0 ||| qw: Always use a shield: true
     0 | D:1      | 0 ||| qw: God list: Okawaru
     0 | D:1      | 0 ||| qw: Allow faded altars: false
     0 | D:1      | 0 ||| qw: Do Orc after D:15 true
     0 | D:1      | 0 ||| qw: Do second Lair branch before Depths: true
     0 | D:1      | 0 ||| qw: Lair rune preference: random
     0 | D:1      | 0 ||| qw: Plans: Normal
     0 | D:1      | 0 ||| PLANNING D:1-11
   115 | D:1      | 115 ||| Stepping ~*~*~tactically~*~*~ (hiding).
   275 | D:1      | Reached XP level 2. HP: 29/29 MP: 2/2
   477 | D:1      | 477 ||| Stepping ~*~*~tactically~*~*~ (outnumbered).
   483 | D:1      | Reached skill level 4 in Unarmed Combat
   640 | D:1      | 640 ||| Stepping ~*~*~tactically~*~*~ (outnumbered).
   641 | D:1      | 641 ||| Stepping ~*~*~tactically~*~*~ (outnumbered).
   652 | D:1      | Reached XP level 3. HP: 36/36 MP: 3/3
   768 | D:1      | Found a faded altar of an unknown god.
   864 | D:1      | 864 ||| READING 2 scrolls labelled IKKAIC XITEZI.
   867 | D:1      | 867 ||| READING 2 scrolls labelled ZIXYKLIURA.
   868 | D:1      | 868 ||| READING scroll labelled AMOLIA KUVUI.
   869 | D:1      | 869 ||| READING scroll labelled XAUNNU ESUXT.
   870 | D:1      | 870 ||| READING 2 scrolls labelled CIOSMOCAXAI.
   871 | D:1      | 871 ||| DROPPING scroll of poison.
   872 | D:1      | 872 ||| READING scroll of teleportation.
  1179 | D:2      | 1179 ||| Stepping ~*~*~tactically~*~*~ (stealth).
  1227 | D:2      | 1227 ||| Stepping ~*~*~tactically~*~*~ (outnumbered).
  1228 | D:2      | 1228 ||| Stepping ~*~*~tactically~*~*~ (outnumbered).
  1275 | D:2      | 1275 ||| Stepping ~*~*~tactically~*~*~ (hiding).
  1278 | D:2      | 1278 ||| Stepping ~*~*~tactically~*~*~ (hiding).
  1283 | D:2      | Reached XP level 4. HP: 44/44 MP: 4/4
  1626 | D:2      | 1626 ||| UPGRADING to amulet of the acrobat.
  1631 | D:2      | 1631 ||| DROPPING ring of magical power.
  1689 | D:3      | Reached skill level 5 in Unarmed Combat
  1779 | D:3      | 1779 ||| Stepping ~*~*~tactically~*~*~ (stealth).
  2075 | D:3      | 2075 ||| Stepping ~*~*~tactically~*~*~ (stealth).
  2568 | D:3      | 2568 ||| Stepping ~*~*~tactically~*~*~ (stealth).
  2733 | D:4      | 2733 ||| Stepping ~*~*~tactically~*~*~ (stealth).
  2750 | D:4      | 2750 ||| Stepping ~*~*~tactically~*~*~ (stealth).
  2751 | D:4      | Noticed a scorpion
  2754 | D:4      | 2754 ||| INVOKING Fiery Armour.
  2766 | D:4      | Killed a scorpion
  2767 | D:4      | Reached skill level 6 in Unarmed Combat
  2767 | D:4      | Reached XP level 5. HP: 39/50 MP: 5/5
  2860 | D:4      | 2860 ||| Stepping ~*~*~tactically~*~*~ (outnumbered).
  2861 | D:4      | 2861 ||| Stepping ~*~*~tactically~*~*~ (outnumbered).
  2866 | D:4      | 2866 ||| Stepping ~*~*~tactically~*~*~ (outnumbered).
  2867 | D:4      | 2867 ||| Stepping ~*~*~tactically~*~*~ (outnumbered).
  2868 | D:4      | 2868 ||| Stepping ~*~*~tactically~*~*~ (outnumbered).
  2989 | D:4      | 2989 ||| Stepping ~*~*~tactically~*~*~ (outnumbered).
  2990 | D:4      | 2990 ||| Stepping ~*~*~tactically~*~*~ (outnumbered).
  2992 | D:4      | 2992 ||| Stepping ~*~*~tactically~*~*~ (outnumbered).
  2994 | D:4      | Reached XP level 6. HP: 59/59 MP: 6/6
  3207 | D:4      | Reached skill level 7 in Unarmed Combat
  3462 | D:4      | Found an opulent altar of Gozag.
  3498 | D:4      | Found a glowing silver altar of Zin.
  3498 | D:4      | You fall into a shaft and drop 2 floors!
  3500 | D:6      | 3500 ||| READING scroll labelled ILAYRISSOT.
  3501 | D:6      | 3501 ||| READING scroll labelled XESOKATORU.
  3502 | D:6      | 3502 ||| READING scroll labelled ZAN NOTRAG GOMOSCHO.
  3503 | D:6      | 3503 ||| DRINKING 2 clear potions.
  3508 | D:5      | Entered Level 5 of the Dungeon
  3512 | D:5      | 3512 ||| Stepping ~*~*~tactically~*~*~ (stealth).
  3515 | D:5      | 3515 ||| Stepping ~*~*~tactically~*~*~ (stealth).
  3516 | D:5      | 3516 ||| Stepping ~*~*~tactically~*~*~ (stealth).
  3714 | D:5      | Found a faded altar of an unknown god.
  3714 | D:5      | Found a shimmering blue altar of Sif Muna.
  3722 | D:5      | Found a radiant altar of Vehumet.
  3724 | D:5      | Found a hazy altar of Hepliaklqana.
  3726 | D:5      | Found a bloodstained altar of Trog.
  3784 | D:5      | Noticed Eustachio
  3799 | D:5      | 3799 ||| Stepping ~*~*~tactically~*~*~ (outnumbered).
  3800 | D:5      | 3800 ||| INVOKING Fiery Armour.
  3803 | D:5      | 3803 ||| Stepping ~*~*~tactically~*~*~ (outnumbered).
  3804 | D:5      | 3804 ||| Stepping ~*~*~tactically~*~*~ (outnumbered).
  3806 | D:5      | 3806 ||| Stepping ~*~*~tactically~*~*~ (outnumbered).
  3808 | D:5      | 3808 ||| Stepping ~*~*~tactically~*~*~ (outnumbered).
  3810 | D:5      | 3810 ||| Stepping ~*~*~tactically~*~*~ (outnumbered).
  3811 | D:5      | 3811 ||| Stepping ~*~*~tactically~*~*~ (outnumbered).
  3812 | D:5      | 3812 ||| Stepping ~*~*~tactically~*~*~ (outnumbered).
  3813 | D:5      | 3813 ||| Stepping ~*~*~tactically~*~*~ (outnumbered).
  3820 | D:5      | HP: 14/59 [river rat[Eustachio] (4)]
  3821 | D:5      | Killed Eustachio
  3822 | D:5      | Reached skill level 8 in Unarmed Combat
  3822 | D:5      | Reached XP level 7. HP: 17/66 MP: 7/7
  3825 | D:5      | Reached skill level 3 in Fighting
  4174 | D:5      | Found the +3 robe of Clouds {*Thunder rCloud rElec}
  4249 | D:5      | 4249 ||| Stepping ~*~*~tactically~*~*~ (stealth).
  4251 | D:5      | 4251 ||| Stepping ~*~*~tactically~*~*~ (hiding).
  4254 | D:5      | 4254 ||| Stepping ~*~*~tactically~*~*~ (hiding).
  4255 | D:5      | 4255 ||| Stepping ~*~*~tactically~*~*~ (hiding).
  4260 | D:5      | 4260 ||| Stepping ~*~*~tactically~*~*~ (outnumbered).
  4261 | D:5      | 4261 ||| Stepping ~*~*~tactically~*~*~ (outnumbered).
  4262 | D:5      | 4262 ||| Stepping ~*~*~tactically~*~*~ (outnumbered).
  4264 | D:5      | 4264 ||| Stepping ~*~*~tactically~*~*~ (outnumbered).
  4266 | D:5      | 4266 ||| Stepping ~*~*~tactically~*~*~ (outnumbered).
  4267 | D:5      | 4267 ||| Stepping ~*~*~tactically~*~*~ (outnumbered).
  4270 | D:5      | 4270 ||| Stepping ~*~*~tactically~*~*~ (outnumbered).
  4271 | D:5      | 4271 ||| Stepping ~*~*~tactically~*~*~ (outnumbered).
  4279 | D:5      | 4279 ||| INVOKING Fiery Armour.
  4473 | D:5      | 4473 ||| Stepping ~*~*~tactically~*~*~ (hiding).
  4474 | D:5      | 4474 ||| Stepping ~*~*~tactically~*~*~ (hiding).
  4480 | D:5      | Reached skill level 9 in Unarmed Combat
  4865 | D:5      | 4865 ||| Stepping ~*~*~tactically~*~*~ (stealth).
  5057 | D:5      | 5057 ||| UPGRADING to +3 robe of Clouds {*Thunder rCloud
                  | rElec}.
  5067 | D:5      | 5067 ||| DROPPING +0 robe.
  5068 | D:5      | 5068 ||| READING scroll labelled GALYNA HEFIYRPH.
  5068 | D:5      | Identified a scroll of acquirement
  5068 | D:5      | 5068 ||| ACQUIRING +0 hat of Insatiable Hunger {rN+ Regen+
                  | Slay+2}
  5068 | D:5      | Acquired the +0 hat of Insatiable Hunger {rN+ Regen+
                  | Slay+2}
  5070 | D:5      | 5070 ||| UPGRADING to +0 hat of Insatiable Hunger {rN+
                  | Regen+ Slay+2}.
  5075 | D:5      | 5075 ||| DRINKING 2 yellow potions.
  5171 | D:6      | Found a staircase to the Ecumenical Temple.
  5199 | D:6      | Reached skill level 1 in Dodging
  5199 | D:6      | Reached XP level 8. HP: 75/75 MP: 8/8
  5253 | D:6      | Noticed Blork the orc
  5254 | D:6      | 5254 ||| Stepping ~*~*~tactically~*~*~ (hiding).
  5262 | D:6      | Killed Blork the orc
  5364 | D:6      | Reached skill level 10 in Unarmed Combat
  5690 | D:6      | Noticed a troll
  5696 | D:6      | 5696 ||| INVOKING Fiery Armour.
  5698 | D:6      | Killed a troll
  5699 | D:6      | Reached skill level 11 in Unarmed Combat
  5796 | D:6      | Reached XP level 9. HP: 84/84 MP: 9/9
  5892 | D:6      | Found Qysoughi's Weapon Emporium.
  5928 | D:6      | Noticed a troll
  5935 | D:6      | Killed a troll
  6048 | D:6      | 6048 ||| UPGRADING to +0 cloak.
  6053 | D:6      | 6053 ||| READING 4 scrolls labelled RIPTIP ESTRU.
  6054 | D:6      | 6054 ||| DROPPING 3 scrolls of fear.
  6148 | D:7      | 6148 ||| FLEEEEING.
  6150 | D:7      | 6150 ||| STAIRDANCE
  6254 | D:7      | 6254 ||| STAIRDANCE
  6271 | D:7      | Reached skill level 12 in Unarmed Combat
  6276 | D:7      | 6276 ||| FLEEEEING.
  6279 | D:7      | 6279 ||| FLEEEEING.
  6280 | D:7      | 6280 ||| STAIRDANCE
  6287 | D:7      | 6287 ||| Stepping ~*~*~tactically~*~*~ (outnumbered).
  6288 | D:7      | 6288 ||| Stepping ~*~*~tactically~*~*~ (outnumbered).
  6303 | D:7      | 6303 ||| Stepping ~*~*~tactically~*~*~ (stealth).
  6417 | D:7      | Reached skill level 1 in Throwing
  6963 | D:7      | 6963 ||| READING scroll labelled YNOSKE ERPHUDE.
  6964 | D:7      | 6964 ||| DRINKING 2 murky brown potions.
  6964 | D:7      | Gained mutation: You passively dampen the noise of your
                  | surroundings. [potion of mutation]
  7132 | D:8      | 7132 ||| Stepping ~*~*~tactically~*~*~ (hiding).
  7133 | D:8      | 7133 ||| Stepping ~*~*~tactically~*~*~ (hiding).
  7134 | D:8      | 7134 ||| Stepping ~*~*~tactically~*~*~ (hiding).
  7202 | D:8      | 7202 ||| Stepping ~*~*~tactically~*~*~ (stealth).
  7204 | D:8      | 7204 ||| Stepping ~*~*~tactically~*~*~ (hiding).
  7207 | D:8      | 7207 ||| INVOKING Fiery Armour.
  7259 | D:8      | Found a hide-covered altar of Uskayaw.
  7261 | D:8      | 7261 ||| Stepping ~*~*~tactically~*~*~ (hiding).
  7263 | D:8      | 7263 ||| Stepping ~*~*~tactically~*~*~ (hiding).
  7267 | D:8      | 7267 ||| Stepping ~*~*~tactically~*~*~ (outnumbered).
  7270 | D:8      | 7270 ||| Stepping ~*~*~tactically~*~*~ (outnumbered).
  7275 | D:8      | 7275 ||| Stepping ~*~*~tactically~*~*~ (outnumbered).
  7278 | D:8      | 7278 ||| Stepping ~*~*~tactically~*~*~ (outnumbered).
  7313 | D:8      | Found a burning altar of Makhleb.
  7313 | D:8      | Found a shimmering altar of Xom.
  7428 | D:8      | 7428 ||| FLEEEEING.
  7432 | D:8      | 7432 ||| FLEEEEING.
  7433 | D:8      | 7433 ||| FLEEEEING.
  7550 | D:8      | 7550 ||| Stepping ~*~*~tactically~*~*~ (hiding).
  7552 | D:8      | 7552 ||| Stepping ~*~*~tactically~*~*~ (hiding).
  7565 | D:8      | 7565 ||| Stepping ~*~*~tactically~*~*~ (outnumbered).
  7566 | D:8      | 7566 ||| Stepping ~*~*~tactically~*~*~ (outnumbered).
  7570 | D:8      | 7570 ||| FLEEEEING.
  7572 | D:8      | 7572 ||| FLEEEEING.
  7574 | D:8      | 7574 ||| FLEEEEING.
  7575 | D:8      | 7575 ||| FLEEEEING.
  7577 | D:8      | 7577 ||| FLEEEEING.
  7578 | D:8      | 7578 ||| FLEEEEING.
  7579 | D:8      | 7579 ||| FLEEEEING.
  7580 | D:8      | 7580 ||| FLEEEEING.
  7581 | D:8      | 7581 ||| FLEEEEING.
  7586 | D:8      | Found a flagged portal.
  7631 | D:8      | Found a staircase to the Lair.
  7651 | D:8      | Paralysed by a hornet for 1 turns
  7658 | D:8      | Reached skill level 13 in Unarmed Combat
  7658 | D:8      | Reached XP level 10. HP: 64/96 MP: 10/10
  7868 | D:8      | 7868 ||| Stepping ~*~*~tactically~*~*~ (stealth).
  7876 | D:8      | 7876 ||| Stepping ~*~*~tactically~*~*~ (stealth).
  7882 | D:8      | Reached skill level 1 in Armour
  7974 | D:8      | 7974 ||| PLANNING LAIR
  7974 | D:8      | 7974 ||| DRINKING 2 grey potions.
  8074 | Lair:1   | Entered Level 1 of the Lair of Beasts
  8093 | Lair:1   | Noticed a black mamba
  8099 | Lair:1   | Killed a black mamba
  8176 | Lair:1   | 8176 ||| INVOKING Fiery Armour.
  8206 | Lair:1   | Reached skill level 14 in Unarmed Combat
  8244 | Lair:1   | Noticed a five-headed hydra
  8250 | Lair:1   | Killed a six-headed hydra
  8251 | Lair:1   | Reached skill level 6 in Fighting
  8267 | Lair:1   | Noticed a four-headed hydra
  8276 | Lair:1   | Killed an eight-headed hydra
  8356 | Lair:1   | 8356 ||| Stepping ~*~*~tactically~*~*~ (hiding).
  8480 | Lair:1   | Noticed an eight-headed hydra
  8482 | Lair:1   | 8482 ||| INVOKING Fiery Armour.
  8488 | Lair:1   | Reached XP level 11. HP: 105/105 MP: 11/11
  8491 | Lair:1   | Killed a ten-headed hydra
  8509 | Lair:1   | Reached skill level 15 in Unarmed Combat
  8986 | Lair:1   | 8986 ||| DRINKING 3 sapphire potions.
  8987 | Lair:1   | 8987 ||| DROPPING 2 potions of invisibility.
  9022 | Lair:2   | Found a blossoming altar of Fedhas.
  9031 | Lair:2   | Noticed an eight-headed hydra
  9032 | Lair:2   | 9032 ||| INVOKING Fiery Armour.
  9038 | Lair:2   | Killed a ten-headed hydra
  9085 | Lair:2   | 9085 ||| Stepping ~*~*~tactically~*~*~ (outnumbered).
  9232 | Lair:2   | 9232 ||| Stepping ~*~*~tactically~*~*~ (stealth).
  9234 | Lair:2   | 9234 ||| Stepping ~*~*~tactically~*~*~ (stealth).
  9235 | Lair:2   | 9235 ||| Stepping ~*~*~tactically~*~*~ (stealth).
  9238 | Lair:2   | 9238 ||| Stepping ~*~*~tactically~*~*~ (outnumbered).
  9239 | Lair:2   | Reached skill level 16 in Unarmed Combat
  9241 | Lair:2   | 9241 ||| Stepping ~*~*~tactically~*~*~ (outnumbered).
  9246 | Lair:2   | 9246 ||| Stepping ~*~*~tactically~*~*~ (stealth).
  9250 | Lair:2   | 9250 ||| Stepping ~*~*~tactically~*~*~ (stealth).
  9253 | Lair:2   | 9253 ||| FLEEEEING.
  9254 | Lair:2   | 9254 ||| FLEEEEING.
  9256 | Lair:2   | 9256 ||| FLEEEEING.
  9257 | Lair:2   | 9257 ||| FLEEEEING.
  9268 | Lair:2   | 9268 ||| Stepping ~*~*~tactically~*~*~ (hiding).
  9332 | Lair:2   | 9332 ||| Stepping ~*~*~tactically~*~*~ (outnumbered).
  9333 | Lair:2   | 9333 ||| Stepping ~*~*~tactically~*~*~ (outnumbered).
  9334 | Lair:2   | 9334 ||| Stepping ~*~*~tactically~*~*~ (outnumbered).
  9335 | Lair:2   | 9335 ||| Stepping ~*~*~tactically~*~*~ (outnumbered).
  9336 | Lair:2   | 9336 ||| Stepping ~*~*~tactically~*~*~ (outnumbered).
  9337 | Lair:2   | 9337 ||| Stepping ~*~*~tactically~*~*~ (outnumbered).
  9338 | Lair:2   | 9338 ||| Stepping ~*~*~tactically~*~*~ (outnumbered).
  9339 | Lair:2   | 9339 ||| STAIRDANCE
  9340 | Lair:2   | 9340 ||| Stepping ~*~*~tactically~*~*~ (outnumbered).
  9341 | Lair:2   | 9341 ||| Stepping ~*~*~tactically~*~*~ (outnumbered).
  9342 | Lair:2   | 9342 ||| Stepping ~*~*~tactically~*~*~ (outnumbered).
  9343 | Lair:2   | 9343 ||| Stepping ~*~*~tactically~*~*~ (outnumbered).
  9344 | Lair:2   | 9344 ||| Stepping ~*~*~tactically~*~*~ (outnumbered).
  9345 | Lair:2   | 9345 ||| Stepping ~*~*~tactically~*~*~ (outnumbered).
  9346 | Lair:2   | 9346 ||| Stepping ~*~*~tactically~*~*~ (hiding).
  9347 | Lair:2   | 9347 ||| Stepping ~*~*~tactically~*~*~ (outnumbered).
  9348 | Lair:2   | 9348 ||| Stepping ~*~*~tactically~*~*~ (outnumbered).
  9350 | Lair:2   | 9350 ||| INVOKING Fiery Armour.
  9351 | Lair:2   | 9351 ||| Stepping ~*~*~tactically~*~*~ (outnumbered).
  9352 | Lair:2   | 9352 ||| Stepping ~*~*~tactically~*~*~ (outnumbered).
  9355 | Lair:2   | 9355 ||| Stepping ~*~*~tactically~*~*~ (outnumbered).
  9356 | Lair:2   | 9356 ||| Stepping ~*~*~tactically~*~*~ (outnumbered).
  9358 | Lair:2   | 9358 ||| Stepping ~*~*~tactically~*~*~ (outnumbered).
  9358 | Lair:2   | HP: 24/109 [elephant (4)]
  9359 | Lair:2   | 9359 ||| READING 2 scrolls of teleportation.
  9360 | Lair:2   | 9360 ||| Stepping ~*~*~tactically~*~*~ (outnumbered).
  9361 | Lair:2   | 9361 ||| Stepping ~*~*~tactically~*~*~ (outnumbered).
  9362 | Lair:2   | 9362 ||| FLEEEEING.
  9363 | Lair:2   | 9363 ||| FLEEEEING.
  9364 | Lair:2   | 9364 ||| FLEEEEING.
  9365 | Lair:2   | 9365 ||| FLEEEEING.
  9368 | Lair:2   | 9368 ||| STAIRDANCE
  9406 | Lair:1   | 9406 ||| DRINKING 2 sedimented clear potions.
  9407 | Lair:1   | 9407 ||| DROPPING potion of flight.
  9423 | Lair:2   | Found a staircase to the Shoals.
  9423 | Lair:2   | Identified the +1 pair of boots of the Barracuda {rN++
                  | Str-2}
  9441 | Lair:2   | Found a hole to the Spider Nest.
  9644 | Lair:2   | 9644 ||| Stepping ~*~*~tactically~*~*~ (stealth).
  9645 | Lair:2   | 9645 ||| Stepping ~*~*~tactically~*~*~ (stealth).
  9691 | Lair:2   | 9691 ||| Stepping ~*~*~tactically~*~*~ (stealth).
  9695 | Lair:2   | 9695 ||| Stepping ~*~*~tactically~*~*~ (stealth).
  9699 | Lair:2   | 9699 ||| Stepping ~*~*~tactically~*~*~ (stealth).
  9702 | Lair:2   | 9702 ||| Stepping ~*~*~tactically~*~*~ (stealth).
  9705 | Lair:2   | 9705 ||| Stepping ~*~*~tactically~*~*~ (stealth).
  9779 | Lair:2   | 9779 ||| Stepping ~*~*~tactically~*~*~ (stealth).
  9780 | Lair:2   | 9780 ||| Stepping ~*~*~tactically~*~*~ (stealth).
  9782 | Lair:2   | 9782 ||| Stepping ~*~*~tactically~*~*~ (stealth).
  9785 | Lair:2   | 9785 ||| Stepping ~*~*~tactically~*~*~ (stealth).
  9786 | Lair:2   | 9786 ||| Stepping ~*~*~tactically~*~*~ (stealth).
  9797 | Lair:2   | Reached XP level 12. HP: 118/118 MP: 12/12
  9954 | Lair:2   | 9954 ||| READING 2 scrolls labelled RUTAER EKKACONUI.
  9982 | Lair:2   | 9982 ||| DRINKING 2 fuming dark potions.
  9983 | Lair:2   | 9983 ||| READING 2 scrolls of identify.
  9983 | Lair:2   | 9983 ||| IDENTIFYING blue potion
  9984 | Lair:2   | 9984 ||| DROPPING potion of magic.
  9985 | Lair:2   | 9985 ||| DROPPING scroll of torment.
 10002 | Lair:3   | 10002 ||| INVOKING Fiery Armour.
 10005 | Lair:3   | 10005 ||| Stepping ~*~*~tactically~*~*~ (stealth).
 10008 | Lair:3   | 10008 ||| Stepping ~*~*~tactically~*~*~ (outnumbered).
 10009 | Lair:3   | 10009 ||| Stepping ~*~*~tactically~*~*~ (outnumbered).
 10010 | Lair:3   | 10010 ||| Stepping ~*~*~tactically~*~*~ (outnumbered).
 10013 | Lair:3   | Reached skill level 17 in Unarmed Combat
 10018 | Lair:3   | 10018 ||| FLEEEEING.
 10019 | Lair:3   | 10019 ||| STAIRDANCE
 10046 | Lair:3   | 10046 ||| STAIRDANCE
 10051 | Lair:3   | 10051 ||| STAIRDANCE
 10060 | Lair:3   | 10060 ||| STAIRDANCE
 10109 | Lair:3   | 10109 ||| Stepping ~*~*~tactically~*~*~ (outnumbered).
 10306 | Lair:3   | Noticed a boulder beetle
 10307 | Lair:3   | 10307 ||| INVOKING Fiery Armour.
 10315 | Lair:3   | 10315 ||| Stepping ~*~*~tactically~*~*~ (stealth).
 10316 | Lair:3   | 10316 ||| Stepping ~*~*~tactically~*~*~ (stealth).
 10327 | Lair:3   | Killed a boulder beetle
 10400 | Lair:3   | 10400 ||| Stepping ~*~*~tactically~*~*~ (outnumbered).
 10401 | Lair:3   | 10401 ||| Stepping ~*~*~tactically~*~*~ (outnumbered).
 10406 | Lair:3   | 10406 ||| Stepping ~*~*~tactically~*~*~ (outnumbered).
 10407 | Lair:3   | 10407 ||| Stepping ~*~*~tactically~*~*~ (outnumbered).
 10409 | Lair:3   | 10409 ||| Stepping ~*~*~tactically~*~*~ (outnumbered).
 10410 | Lair:3   | 10410 ||| Stepping ~*~*~tactically~*~*~ (outnumbered).
 10411 | Lair:3   | 10411 ||| Stepping ~*~*~tactically~*~*~ (outnumbered).
 10412 | Lair:3   | 10412 ||| Stepping ~*~*~tactically~*~*~ (outnumbered).
 10413 | Lair:3   | 10413 ||| Stepping ~*~*~tactically~*~*~ (outnumbered).
 10414 | Lair:3   | 10414 ||| Stepping ~*~*~tactically~*~*~ (outnumbered).
 10415 | Lair:3   | 10415 ||| Stepping ~*~*~tactically~*~*~ (outnumbered).
 10416 | Lair:3   | 10416 ||| Stepping ~*~*~tactically~*~*~ (outnumbered).
 10418 | Lair:3   | 10418 ||| Stepping ~*~*~tactically~*~*~ (outnumbered).
 10421 | Lair:3   | 10421 ||| Stepping ~*~*~tactically~*~*~ (outnumbered).
 10422 | Lair:3   | Reached skill level 18 in Unarmed Combat
 10530 | Lair:3   | 10530 ||| Stepping ~*~*~tactically~*~*~ (hiding).
 10531 | Lair:3   | 10531 ||| Stepping ~*~*~tactically~*~*~ (hiding).
 10532 | Lair:3   | 10532 ||| Stepping ~*~*~tactically~*~*~ (hiding).
 10621 | Lair:3   | 10621 ||| Stepping ~*~*~tactically~*~*~ (stealth).
 10651 | Lair:3   | 10651 ||| Stepping ~*~*~tactically~*~*~ (stealth).
 10652 | Lair:3   | 10652 ||| Stepping ~*~*~tactically~*~*~ (stealth).
 10783 | Lair:3   | 10783 ||| INVOKING Fiery Armour.
 10791 | Lair:3   | 10791 ||| Stepping ~*~*~tactically~*~*~ (outnumbered).
 11018 | Lair:3   | 11018 ||| DROPPING ring of flight.
 11019 | Lair:3   | 11019 ||| READING scroll labelled YWKIZI FOKKU.
 11020 | Lair:3   | 11020 ||| DRINKING 2 fuming white potions.
 11021 | Lair:3   | 11021 ||| DRINKING 3 golden potions.
 11022 | Lair:3   | 11022 ||| DROPPING potion of degeneration.
 11023 | Lair:3   | 11023 ||| DROPPING 2 potions of attraction.
 11087 | Lair:4   | 11087 ||| Stepping ~*~*~tactically~*~*~ (stealth).
 11139 | Lair:4   | 11139 ||| INVOKING Fiery Armour.
 11327 | Lair:4   | Found a runed translucent door.
 11330 | Lair:4   | Noticed qw's ghost (journeyman TeWr)
 11368 | Lair:4   | 11368 ||| PLANNING TEMPLE
 11654 | Temple   | Entered the Ecumenical Temple
 11655 | Temple   | 11655 ||| PLANNING CONVERSION TO OKAWARU
 11662 | Temple   | Fell from the grace of Ignis
 11662 | Temple   | Became a worshipper of Warmaster Okawaru
 11663 | Temple   | 11663 ||| PLANNING LAIR
 11663 | Temple   | 11663 ||| DROPPING amulet of guardian spirit.
 12038 | Lair:4   | 12038 ||| FLEEEEING.
 12039 | Lair:4   | 12039 ||| FLEEEEING.
 12560 | Lair:4   | 12560 ||| READING 2 scrolls of identify.
 12560 | Lair:4   | 12560 ||| IDENTIFYING smoky orange potion
 12561 | Lair:4   | 12561 ||| DROPPING potion of brilliance.
 12597 | Lair:5   | Entered Level 5 of the Lair of Beasts
 12598 | Lair:5   | 12598 ||| STAIRDANCE
 12604 | Lair:4   | Reached skill level 19 in Unarmed Combat
 12674 | Lair:5   | 12674 ||| STAIRDANCE
 12676 | Lair:4   | HP: 19/119 [elephant (13)]
 12677 | Lair:4   | 12677 ||| READING 2 scrolls of teleportation.
 12677 | Lair:4   | HP: 9/119 [komodo dragon (8)]
 12679 | Lair:4   | Demolished by a komodo dragon

Levels and vault maps discovered:
D:1:      dpeg_arrival_ratfight, layout_loops_ring,
          hellmonk_ecumenical_altar_prayer_group
D:2:      layout_loops_cross
D:3:      layout_basic
D:4:      layout_loops_ring, pdpol_temple_overflow_zin_treasury_gozag_greed
D:5:      layout_layer_cave, chequers_temple_overflow_minitemple, uniq_eustachio
D:6:      layout_basic, minmay_temple_entry_mist, serial_shops,
          nicolae_shop_bloodbath_and_beyond, serial_undead, serial_undead_c,
          serial_undead_d, serial_undead_f, serial_undead_d, patterned_corridor,
          uniq_blork_the_orc
D:7:      layout_basic, lemuel_old_faithful
D:8:      layout_loops_ring, grunt_temple_overflow_champion_of_chaos,
          nicolae_uskayaw_murder_on_the_dancefloor, lair_entry_dummy,
          enter_bailey_2, moated_statue, minmay_misc_feat_rugged,
          nicolae_sextant
Temple:   nicolae_temple_colour_theory
Lair:1:   layout_regular_city, nicolae_lair_lil_pond, grunt_megastairs_1,
          serial_bayou_shore_b
Lair:2:   layout_hall_layers, shoals_dummy_entry, spider_nest_entry_web_field,
          basic_altar, lemuel_fruit_fields, grunt_megastairs_3
Lair:3:   layout_gridlike, serial_bayou, serial_bayou_pond_d,
          serial_bayou_lake_a, serial_bayou_pond_c, serial_bayou_pond_d
Lair:4:   statuecave_lemuel, layout_long_grid, ebering_ghost_reflecting_pool,
          beast_lair_carwin_11, serial_bayou_shore_b,
          infiniplex_staircase_pool_2
Lair:5:   due_jungle_book, layout_cave_pods, slime_entry_1, basic_altar

Skill      XL: |  1  2  3  4  5  6  7  8  9 10 11 12 |
---------------+-------------------------------------+-----
Unarmed Combat | 4 6 8 9 11 13 14 16 19 | 19.0
Fighting       | 3 4 5 6 7 8 |  8.0
Dodging        | 1 2 |  2.4
Throwing       | 2 4 |  4.4
Armour         | 1 |  1.2
Spellcasting   | |  1.0
Fire Magic     | |  2.1

Action                   |  1- 3 |  4- 6 |  7- 9 | 10-12 || total
-------------------------+-------+-------+-------+-------++-------
Melee: Unarmed           |   116 |   161 |   176 |   329 ||   782
       Punch             |     1 |     2 |     5 |    24 ||    32
Throw: Boomerang         |       |       |    24 |   136 ||   160
Invok: Fiery Armour      |       |     2 |     3 |     8 ||    13
  Use: Scroll            |     6 |     3 |     3 |     6 ||    18
       Potion            |       |     1 |     2 |     6 ||     9
Armor: Robe              |    32 |    62 |    48 |   114 ||   256
Dodge: Dodged            |    39 |    81 |    96 |   155 ||   371

Table legend:
 A = Non-vault XP
 B = Vault XP
 C = Vault XP percentage of total XP
 D = Non-vault monster count
 E = Vault monster count
 F = Vault count percentage of total count
                 A         B        C        D         E       F
            +---------+---------+-------+---------+---------+-------
      Total |   33310 |    4608 |  12.2 |     255 |      29 |  10.2
            +---------+---------+-------+---------+---------+-------
        D:1 |      38 |       6 |  13.6 |      20 |       6 |  23.1
        D:2 |      57 |       0 |   0.0 |      19 |       0 |   0.0
        D:3 |      50 |       0 |   0.0 |      11 |       0 |   0.0
        D:4 |     363 |       0 |   0.0 |      31 |       0 |   0.0
        D:5 |     576 |     202 |  26.0 |      19 |       1 |   5.0
        D:6 |    1528 |     421 |  21.6 |      11 |       7 |  38.9
        D:7 |     776 |       0 |   0.0 |      14 |       0 |   0.0
        D:8 |    2012 |      48 |   2.3 |      29 |       1 |   3.3
     Lair:1 |    5837 |    1350 |  18.8 |      18 |       3 |  14.3
     Lair:2 |    8595 |    1825 |  17.5 |      31 |       8 |  20.5
     Lair:3 |    7741 |       0 |   0.0 |      33 |       0 |   0.0
     Lair:4 |    5737 |     756 |  11.6 |      19 |       3 |  13.6
            +---------+---------+-------+---------+---------+-------
